 Dungeon Crawl Stone Soup version 0.30-a0-879-ga8ba668304 (webtiles) character file.

Game seed: 912158250612060687

2400709 juan097 the Conqueror (level 25, 257/257 HPs)
             Began as a Minotaur Berserker on Mar 13, 2023.
             Was the Champion of Trog.
             Escaped with the Orb
             ... and 4 runes!
             The game lasted 02:59:53 (64863 turns).

juan097 the Conqueror (Minotaur Berserker)         Turns: 64863, Time: 02:59:54

Health: 257/257    AC: 36    Str: 41    XL:     25   Next: 84%
Magic:  28/28      EV: 19    Int:  6    God:    Trog [******]
Gold:   6962       SH: 21    Dex: 16    Spells: 24/24 levels left

rFire   + + .      SeeInvis +    a - +9 broad axe (heavy)
rCold   + + +      Faith    .    A - +5 Storm Queen's Shield {shock, Fly rElec}
rNeg    + . .      Spirit   .    J - +6 ice dragon scales "Cetiy" {rF- rC++ Slay+6}
rPois   +          Reflect  .    P - +0 mask of the Dragon {Will+ Slay+3 SInv}
rElec   +          Rampage  ∞    s - +2 cloak {Will+}
rCorr   +                        V - +2 pair of gloves
Will    +++..                    f - +3 pair of seven-league boots {Rampage+∞}
Stlth   +                        L - amulet "Bacuiz" {Acrobat rF++ rN+ Str+2 Dex-3}
HPRegen 0.62/turn                H - ring "Ixtiuxe" {rPois rF+ rCorr Str+6 Int+2, =R}
MPRegen 0.21/turn                M - ring of Soadebi {Fly rC+ MP+9 Str+4 Dex+6 Slay+2}

@: flying
A: horns 2, retaliatory headbutt, deterioration 1, low MP 1, electricity
resistance, weak 1, subdued magic 1, inability to drink after injury 1
0: Orb of Zot
}: 4/15 runes: decaying, slimy, silver, gossamer
a: Renounce Religion, Berserk, Trog's Hand, Brothers in Arms


You escaped.
You worshipped Trog.
Trog was exalted by your worship.
You visited 10 branches of the dungeon, and saw 52 of its levels.
You visited the Abyss 1 time.
You also visited: Trove, Sewer, Ice Cave and Wizlab.

You collected 9037 gold pieces.
You spent 2075 gold pieces at shops.

Inventory:

Hand Weapons
 a - a +9 heavy broad axe (weapon)
 b - a +2 sling of draining
 g - a +2 antimagic broad axe
Missiles
 j - 7 javelins
 m - 8 curare-tipped darts
 o - 11 boomerangs (quivered)
 t - 5 datura-tipped darts
 v - 2 silver javelins
 N - 9 throwing nets
 S - 10 poisoned darts
 T - 6 atropa-tipped darts
Armour
 f - the +3 pair of seven-league boots (worn) {Rampage+∞}
   (You found it in a treasure trove)

   Rampage+∞: When moving toward enemies, its wearer moves as far as possible.
 s - a +2 cloak of willpower (worn)
 A - the +5 Storm Queen's Shield (worn) {shock, Fly rElec}
   (You found it in a treasure trove)

   Shock:     When it blocks an attack, it may electrocute the attacker.
   This works even against foes who are a short distance away.
   rElec:     It insulates you from electricity.
   Fly:       It grants you flight.
 J - the +6 ice dragon scales "Cetiy" (worn) {rF- rC++ Slay+6}
   (You found it in a treasure trove)

   Slay:      It affects your accuracy & damage with ranged weapons and melee
   (+6).
   rF:        It makes you vulnerable to fire.
   rC:        It greatly protects you from cold.
 P - the +0 mask of the Dragon (worn) {Will+ Slay+3 SInv}
   (You found it on level 5 of the Pits of Slime)

   Slay:      It affects your accuracy & damage with ranged weapons and melee
   (+3).
   SInv:      It lets you see invisible.
   Will:      It increases your willpower.
 V - a +2 pair of gloves (worn)
Jewellery
 y - a ring of willpower
 H - the ring "Ixtiuxe" (left hand) {rPois rF+ rCorr Str+6 Int+2, =R}
   (You found it in an ice cave)

   [ring of strength]

   Str:       It affects your strength (+6).
   Int:       It affects your intelligence (+2).
   rF:        It protects you from fire.
   rPois:     It protects you from poison.
   rCorr:     It protects you from acid and corrosion.
 L - the amulet "Bacuiz" (around neck) {Acrobat rF++ rN+ Str+2 Dex-3}
   (You found it on level 3 of the Elven Halls)

   [amulet of the acrobat]

   It increases your evasion while moving and waiting.
   Str:       It affects your strength (+2).
   Dex:       It affects your dexterity (-3).
   rF:        It greatly protects you from fire.
   rN:        It protects you from negative energy.
 M - the ring of Soadebi (right hand) {Fly rC+ MP+9 Str+4 Dex+6 Slay+2}
   (You acquired it on level 2 of the Spider Nest)

   [ring of dexterity]

   Str:       It affects your strength (+4).
   Dex:       It affects your dexterity (+6).
   Slay:      It affects your accuracy & damage with ranged weapons and melee
   (+2).
   rC:        It protects you from cold.
   MP:        It affects your magic capacity (+9).
   Fly:       It grants you flight.
Wands
 p - a wand of digging (5)
 G - a wand of iceblast (47)
 R - a wand of light (13)
Scrolls
 e - 2 scrolls of brand weapon
 l - 12 scrolls of poison
 u - 13 scrolls of fog
 z - 19 scrolls of teleportation
 E - a scroll of enchant weapon
 Q - 4 scrolls of magic mapping
 U - 6 scrolls of blinking
 W - 2 scrolls of summoning
 Y - 3 scrolls of silence
Potions
 c - 7 potions of flight
 h - 24 potions of curing
 i - 13 potions of resistance
 n - 6 potions of magic
 q - 3 potions of haste
 r - 3 potions of cancellation
 x - 9 potions of heal wounds
 B - 10 potions of lignification
 C - 2 potions of ambrosia
 D - 15 potions of attraction
 F - 14 potions of mutation
 I - 4 potions of might
 K - 5 potions of invisibility
 Z - 6 potions of berserk rage
Miscellaneous
 d - a phantom mirror
 k - a condenser vane
 O - a tin of tremorstones (2/2)
 X - a phial of floods


   Skills:
 O Level 27 Fighting
 - Level 20.0 Axes
 - Level 10.0 Ranged Weapons
 + Level 18.3 Throwing
 - Level 21.0 Armour
 - Level 15.0 Dodging
 - Level 10.0 Stealth
 - Level 21.0 Shields
 - Level 16.0 Evocations


You had 24 spell levels left.
You didn't know any spells.
Your spell library contained the following spells:

 Spells                   Type           Power      Damage    Failure   Level
 Beastly Appendage        Tmut           0%         N/A       63%         1
 Magic Dart               Conj           0%         1d3       63%         1
 Slow                     Hex            0%         N/A       63%         1
 Call Imp                 Summ           0%         N/A       78%         2
 Confusing Touch          Hex            0%         N/A       95%         3
 Mephitic Cloud           Conj/Pois/Air  0%         N/A       95%         3
 Vampiric Draining        Necr           0%         2d6       95%         3
 Flame Wave               Conj/Fire      0%         2d4       100%        4
 Iskenderun's Mystic Bla  Conj/Tloc      0%         2d3       100%        4
 Summon Ice Beast         Ice/Summ       0%         N/A       100%        4
 Iskenderun's Battlesphe  Conj           0%         2d6       100%        5
 Lee's Rapid Deconstruct  Erth           0%         3d4*      100%        5
 Summon Mana Viper        Hex/Summ       0%         N/A       100%        5
 Conjure Ball Lightning   Conj/Air       0%         3x3d6     100%        6
 Eringya's Noxious Bog    Tmut/Pois      0%         N/A       100%        6
 Dragon Form              Tmut           0%         N/A       100%        7
 Monstrous Menagerie      Summ           0%         N/A       100%        7
 Fire Storm               Conj/Fire      0%         5d1       100%        9


Dungeon Overview and Level Annotations

Branches:
Dungeon (15/15)            Temple (0/1) D:7            Lair (5/5) D:9
  Swamp (4/4) Lair:3       Spider (4/4) Lair:3        Slime (5/5) Lair:5
    Orc (2/2) D:11            Elf (3/3) Orc:2        Vaults (5/5) D:13
  Crypt (0/3) Vaults:2     Depths (4/4) D:15            Zot (5/5) Depths:4
  Sewer (visited)           IceCv (visited)          WizLab (visited)

Altars:
Cheibriados
Dithmenos
Fedhas
Gozag
Kikubaaqudgha
Makhleb
Nemelex Xobeh
Trog
Vehumet
Yredelemnul
Jiyva

Shops:
D:10 *   Orc:1 *   Orc:2 [=?(   Elf:2 *   Elf:3 *   Vaults:3 *   Vaults:4 [
Depths:2 =[*

Portals:
Hell: Depths:1 Depths:2 Depths:3 Depths:4
Abyss: Depths:1 Depths:3 Depths:4
Pandemonium: Depths:2
Ziggurat: Depths:2

Annotations:
D:12 2 transporters, Riblid's ghost, journeyman DsGl
Depths:1 2 transporters, lmSkywalker's ghost, adept DrTm


Innate Abilities, Weirdness & Mutations

You have a pair of horns on your head.
You reflexively headbutt those who attack you in melee.
Your body sometimes deteriorates upon taking damage.
Your magical capacity is low. (-10% MP)
You are resistant to electric shocks. (rElec)
You are weak. (Str -2)
Your spells are a little easier to cast, but a little less powerful.
You occasionally lose the ability to drink potions when taking damage.


Message History

Your shield discharges, shocking the sun demon!
The sun demon resists.
The sun demon attacks as you move away! You block the sun demon's attack.
You reach down and open the large door.
You block the sun demon's attack.
The sun demon hits you but does no damage.
Found an escape hatch in the floor.
Found an escape hatch in the floor.
There is a large open door here.
You completely miss the sun demon. You headbutt the sun demon!!
The sun demon is moderately wounded.
You slice the sun demon!! x2; The sun demon barely misses you.
The sun demon hits you but does no damage.
You block the sun demon's attack.
You slice the sun demon!!
You kill the sun demon!
Trog accepts your kill.
You chop the sun demon into pieces!!!
You kill the sun demon!
Trog accepts your kill.
You closely miss the sun demon. You block the sun demon's attack. x2
You slice the sun demon!! You headbutt the sun demon!
You kill the sun demon!
Trog accepts your kill.
There is an escape hatch in the floor here.
You reach down and open the door.
There is an open door here.
A balrug comes into view. It is wielding a +0 demon whip.
The balrug shouts!
You stride towards the balrug!
You chop the balrug into pieces!!! You headbutt the balrug!!
The balrug is severely wounded.
You block the balrug's attack. x2
You chop the balrug into pieces!!!!
You kill the balrug!
Trog accepts your kill.
You hear a splash.
There is an open door here.
There is a staircase leading out of the dungeon here.
You can't go down here!
You have escaped!

#≈≈≈+>'≈≈≈≈#...'~...#
#≈≈≈++#≈≈≈≈#.>.#≈~#.#
#≈≈≈≈≈≈≈≈≈≈#...#≈~#.#
#≈≈≈≈≈≈≈≈≈≈#...#≈.#.#
#≈≈≈≈≈≈≈≈≈≈#####≈~#.#
#≈'###≈≈≈≈≈≈≈≈≈≈~.#.#
#~'>>#≈≈##≈≈###≈~.#.##########
#≈##'#≈≈##≈≈#>#≈≈~#...........
#≈≈≈≈≈≈≈≈≈≈≈#@#≈~.############
#≈≈≈≈≈≈≈≈≈≈≈#'#~.~#######
#≈≈~~~~≈~≈≈≈~~≈~~##.....#
#~~~.~~.~.~~..~~###.....#
#############.#####.....#
#...........## #######......#
###.##.##### #.##..##..


There were no monsters in sight!

Vanquished Creatures
  the Royal Jelly (Slime:5)
  A seraph (Depths:1)
  7 ancient liches
  3 orbs of fire (Zot:4)
  2 dread liches (Zot:5)
  Josephina (Zot:3)
  Boris (Vaults:4)
  Vv (Zot:4)
  4 Killer Klowns
  9 golden dragons
  Arachne (Spider:4)
  The ghost of Herac the Fencer, a veteran TeWr of Yredelemnul (Depths:3)
  Rupert (D:12)
  4 electric golems
  12 tentacled monstrosities
  2 liches
  26 Orb Guardians
  3 deep elf blademasters
  A titan (Vaults:4)
  21 acid blobs
  2 deep elf master archers (Elf:3)
  An ancient champion (Vaults:4)
  Frances (D:13)
  The ghost of Iluymox the Imperceptible, an adept KoBr of Hepliaklqana (Vaults:4)
  6 quicksilver dragons
  6 sphinxes
  11 death cobs
  14 storm dragons
  A thorn hunter (Swamp:2)
  5 tengu reavers
  9 draconian monks
  Donald (Spider:3)
  6 shadow dragons
  6 azure jellies
  5 frost giants
  10 rockslimes
  10 fire giants
  3 draconian knights
  5 emperor scorpions
  4 draconian shifters (Zot:3)
  3 orc warlords
  4 balrugs
  A deep elf sorcerer (Elf:3)
  A spriggan defender (Depths:2)
  4 draconian scorchers
  4 draconian stormcallers
  7 ghost moths
  An iron dragon (Depths:3)
  2 angels (Depths:1)
  15 ironbound preservers
  4 cacodemons
  6 deep elf elementalists (Elf:3)
  16 vault wardens
  3 draconian annihilators
  2 demonspawn corrupters
  2 broodmothers
  7 quicksilver oozes
  5 very ugly things
  4 war gargoyles
  6 eleionomae
  13 stone giants
  Nessos (D:13)
  11 ironbound thunderhulks
  Azrael (D:13)
  9 green draconians
  A demonspawn black sun (D:1)
  8 white draconians
  8 black draconians
  8 deep elf demonologists
  3 spark wasps
  5 yellow draconians
  11 dire elephants
  4 deep elf annihilators
  17 purple draconians
  3 bunyips
  A green death (Depths:2)
  4 red draconians
  A crystal guardian (Vaults:4)
  9 statues (WizLab)
  2 jiangshi (Depths:3)
  6 deep elf death magi
  A blizzard demon (Depths:2)
  9 ettins
  7 fire dragons
  A merfolk impaler (Depths:1)
  7 deep elf high priests
  14 yaktaur captains
  7 entropy weavers
  18 hydras
  5 ice dragons
  2 shambling mangroves
  7 ironbound frosthearts
  3 rakshasas
  27 vault guards
  9 great orbs of eyes
  3 spriggan air magi
  2 peacekeepers
  8 ogre magi
  2 hell beasts (Depths:2)
  An anaconda (shapeshifter) (Vaults:5)
  8 jorogumos
  6 centaur warriors
  A merfolk avatar (Lair:5)
  13 alligators
  6 boulder beetles
  9 two-headed ogres
  A satyr (shapeshifter) (Vaults:4)
  3 radroaches (Spider:2)
  4 hell hogs
  8 tengu warriors
  2 thrashing horrors (Abyss:2)
  29 dancing weapons
  12 deep troll earth magi
  11 deep troll shamans
  6 spriggan berserkers
  4 vampire magi
  5 hell knights
  12 sun demons
  Nergalle (Orc:2)
  17 deep elf knights
  5 soul eaters
  3 sixfirhies (Depths:2)
  6 pharaoh ants
  A shadow wraith (Vaults:4)
  A salamander mystic (Depths:3)
  83 deep trolls
  10 iron trolls
  A large abomination (Abyss:2)
  A glowing orange brain (Vaults:1)
  A death drake (shapeshifter) (Depths:2)
  9 goliath frogs
  12 orb spiders
  A sea snake (Lair:5)
  5 spriggan druids
  2 bog bodies
  7 swamp dragons
  5 phantasmal warriors
  15 deep elf archers
  6 lindwurms
  An obsidian statue (Depths:2)
  6 wizards
  4 necromancers
  A harpy (Lair:5)
  7 steelbarb worms
  33 deep elf zephyrmancers
  19 ironbound convokers
  3 orc knights
  A wolf spider (shapeshifter) (Vaults:4)
  A harpy (shapeshifter) (D:13)
  38 deep elf pyromancers
  29 wolf spiders
  2 salamanders (shapeshifter) (D:13)
  A manticore (shapeshifter) (Elf:2)
  4 cyclopes
  An oklob plant (Orc:2)
  28 ugly things
  4 salamanders
  7 orc sorcerers (Orc:2)
  27 moths of wrath
  6 black mambas
  6 manticores
  6 elephants
  4 will-o-the-wisps
  2 ice statues (IceCv)
  An eye of devastation (Slime:4)
  A smoke demon (Depths:4)
  5 torpor snails
  8 demonic crawlers
  8 cane toads
  18 vault sentinels
  A human zombie (Vaults:4)
  8 komodo dragons
  The ghost of domi the Conjurer, a novice DsCj (D:5)
  4 kobold demonologists
  2 freezing wraiths
  2 unseen horrors
  Psyche (D:9)
  12 rime drakes
  16 tengu conjurers
  2 efreet (D:13)
  A ghost moth simulacrum (Zot:3)
  48 yaktaurs
  8 trolls
  9 tyrant leeches
  A bloated husk (Swamp:4)
  3 polar bears
  16 hornets
  A wind drake (Lair:5)
  A dream sheep (shapeshifter) (D:14)
  A wind drake (shapeshifter) (Vaults:4)
  27 tarantellas
  A human simulacrum (Vaults:4)
  8 blink frogs
  A snapping turtle (Lair:5)
  A raiju (Swamp:1)
  A draconian simulacrum (Zot:3)
  4 dream sheep (Lair:3)
  20 jumping spiders
  23 culicivoras
  79 slime creatures
  A snapping turtle (shapeshifter) (Vaults:4)
  4 air elementals
  3 fire elementals (D:13)
  2 wyverns
  A spriggan (shapeshifter) (D:14)
  5 shadows
  3 wraiths
  2 spriggans (Swamp:3)
  12 water elementals
  A ynoxinul (Depths:2)
  A vampire (D:13)
  50 yaks
  3 basilisks
  A neqoxec (Depths:2)
  6 golden eyes
  23 vampire mosquitoes
  2 steam dragons
  70 redbacks
  A yaktaur simulacrum (Vaults:4)
  2 chaos spawn (Depths:2)
  8 wargs
  A white draconian simulacrum (Zot:3)
  Edmund (D:5)
  12 water moccasins
  11 swamp worms
  An acid dragon (D:8)
  2 hell hounds (D:13)
  2 moth of wrath simulacra (Zot:3)
  2 sky beasts
  A glowing shapeshifter skeleton (Vaults:4)
  2 ice beasts (D:7)
  17 orc warriors
  5 black bears
  10 swamp drakes
  11 wolves
  6 centaurs
  18 ogres
  10 kobold brigands
  An ogre simulacrum (Vaults:4)
  12 bullfrogs
  A gnoll sergeant (D:11)
  4 earth elementals
  6 scorpions
  7 wights
  3 lindwurm simulacra (IceCv)
  14 killer bees
  6 electric eels (D:7)
  7 howler monkeys
  6 komodo dragon simulacra (IceCv)
  5 hounds
  4 sleepcaps
  2 jellies
  18 orc priests
  2 gnoll boudas
  An iron imp (Abyss:2)
  An iguana (D:5)
  34 orc wizards
  3 hell rats (Lair:2)
  15 gnolls
  15 adders
  7 acid dragon simulacra (IceCv)
  10 river rats
  2 shadow imps
  A white imp (D:6)
  5 steam dragon simulacra (IceCv)
  2 ufetubi
  3 worms
  3 dart slugs
  64 orcs
  13 endoplasms
  5 giant cockroaches
  7 goblins
  8 hobgoblins
  6 jackals
  22 kobolds
  7 quokkas
  20 ball pythons
  7 bats
  A frilled lizard (D:2)
  16 rats
2171 creatures vanquished.

Vanquished Creatures (collateral kills)
  An orb of fire (Zot:5)
  A golden dragon (Zot:4)
  A hydra (Lair:4)
  3 elephants (Lair:4)
  2 cane toads (Lair:4)
  A basilisk (Lair:4)
  A wolf (Lair:4)
10 creatures vanquished.

Vanquished Creatures (others)
  An ancient lich (Zot:5)
  2 deep elf blademasters (Elf:3)
  A jiangshi (Depths:3)
  A deep troll shaman (Depths:3)
  An orc knight (Vaults:5)
  A manticore (D:15)
  A demonic crawler (Spider:4)
  A tengu conjurer (WizLab)
  A bloated husk (Swamp:2)
  A golden eye (Slime:4)
  A redback (Vaults:5)
  A jelly (Abyss:2)
  An orc (Vaults:5)
  A bat (D:2)
  12 foxfires
  26 fungi
  116 plants
  2 starspawn tentacles (D:6)
171 creatures vanquished.

Grand Total: 2352 creatures vanquished

Notes
Turn   | Place    | Note
-------+----------+-------------------------------------------
     0 | D:1      | juan097 the Minotaur Berserker began the quest for the Orb.
     0 | D:1      | Reached XP level 1. HP: 19/19 MP: 0/0
   137 | D:1      | Reached XP level 2. HP: 27/27 MP: 1/1
   208 | D:1      | Reached skill level 4 in Fighting
   342 | D:1      | Reached XP level 3. HP: 28/33 MP: 2/2
   364 | D:1      | Reached ** piety under Trog
   408 | D:1      | Found a faded altar of an unknown god.
   829 | D:2      | Reached skill level 5 in Axes
   946 | D:2      | Reached XP level 4. HP: 41/41 MP: 3/3
  1870 | D:3      | Found a burning altar of Makhleb.
  2355 | D:4      | Found a large runed translucent door.
  2356 | D:4      | Found a large runed translucent door.
  2370 | D:4      | Reached *** piety under Trog
  2382 | D:4      | Reached skill level 5 in Fighting
  2382 | D:4      | Reached XP level 5. HP: 17/48 MP: 4/4
  2508 | D:4      | Reached XP level 6. HP: 56/56 MP: 5/5
  2521 | D:4      | Found a glowing drain.
  2544 | Sewer    | Entered a sewer
  2825 | Sewer    | Reached skill level 6 in Fighting
  2905 | Sewer    | Reached XP level 7. HP: 58/63 MP: 6/6
  3167 | Sewer    | Reached skill level 1 in Throwing
  3262 | Sewer    | Reached **** piety under Trog
  3486 | D:4      | Found a radiant altar of Vehumet.
  4047 | D:4      | Found a blossoming altar of Fedhas.
  4055 | D:4      | Found a basalt altar of Yredelemnul.
  4082 | D:5      | Entered Level 5 of the Dungeon
  4150 | D:5      | Reached XP level 8. HP: 71/71 MP: 7/7
  4212 | D:5      | Noticed Edmund
  4225 | D:5      | Killed Edmund
  4247 | D:5      | Reached skill level 7 in Fighting
  4322 | D:5      | Noticed domi's ghost (novice DsCj)
  4326 | D:5      | Found a runed translucent door.
  4379 | D:5      | Found a snail-covered altar of Cheibriados.
  4502 | D:5      | Found a shadowy altar of Dithmenos.
  5345 | D:6      | Reached skill level 5 in Armour
  5381 | D:6      | Reached skill level 1 in Ranged Weapons
  5586 | D:6      | Reached XP level 9. HP: 81/81 MP: 8/8
  5988 | D:7      | Reached skill level 8 in Fighting
  6003 | D:7      | Reached ***** piety under Trog
  6130 | D:7      | Found the +7 Throatcutter {drain, coup de grace}
  6130 | D:7      | Noticed a kobold demonologist
  6130 | D:7      | Noticed a kobold demonologist
  6130 | D:7      | Noticed a kobold demonologist
  6131 | D:7      | Noticed an orange demon
  6135 | D:7      | Noticed a hellwing
  6136 | D:7      | Noticed a rust devil
  6148 | D:7      | Noticed a red devil
  6158 | D:7      | Killed a kobold demonologist
  6159 | D:7      | Reached skill level 10 in Axes
  6160 | D:7      | Killed a kobold demonologist
  6166 | D:7      | Noticed a rust devil
  6166 | D:7      | Killed a kobold demonologist
  6540 | D:7      | Found a staircase to the Ecumenical Temple.
  6651 | D:7      | Reached XP level 10. HP: 89/89 MP: 9/9
  7706 | D:8      | Reached skill level 1 in Shields
  7862 | D:8      | Received a gift from Trog
  7863 | D:8      | Reached skill level 5 in Throwing
  8414 | D:9      | Reached skill level 1 in Evocations
  8524 | D:9      | Found a staircase to the Lair.
  8583 | D:9      | Noticed Psyche
  8588 | D:9      | Killed Psyche
  8589 | D:9      | Reached skill level 9 in Fighting
  8802 | D:9      | Found a sparkling altar of Nemelex Xobeh.
  9321 | Lair:1   | Entered Level 1 of the Lair of Beasts
  9449 | Lair:1   | Noticed a cane toad
  9463 | Lair:1   | Killed a cane toad
  9825 | Lair:1   | Noticed a deep troll
  9833 | Lair:1   | Killed a deep troll
  9834 | Lair:1   | Reached skill level 5 in Shields
  9834 | Lair:1   | Reached XP level 11. HP: 71/97 MP: 10/10
 10838 | Lair:2   | Reached skill level 10 in Fighting
 11346 | Lair:3   | Noticed a wolf spider
 11418 | Lair:3   | Killed a wolf spider
 11861 | Lair:3   | Noticed a six-headed hydra
 11871 | Lair:3   | Killed a ten-headed hydra
 11872 | Lair:3   | Reached skill level 5 in Evocations
 11872 | Lair:3   | Reached XP level 12. HP: 72/106 MP: 11/11
 12044 | Lair:3   | Reached skill level 10 in Shields
 12082 | Lair:3   | Found a hole to the Spider Nest.
 12586 | Lair:3   | Found a staircase to the Swamp.
 13249 | Lair:4   | Noticed a five-headed hydra
 13295 | Lair:4   | Noticed a six-headed hydra
 13315 | Lair:4   | Killed a nine-headed hydra
 13320 | Lair:4   | Reached skill level 5 in Dodging
 13694 | Lair:4   | Killed a six-headed hydra
 14268 | Lair:5   | Entered Level 5 of the Lair of Beasts
 14281 | Lair:5   | Reached XP level 13. HP: 115/115 MP: 12/12
 14380 | Lair:5   | Received a gift from Trog
 14381 | Lair:5   | Reached skill level 11 in Fighting
 14404 | Lair:5   | Found a staircase to the Slime Pits.
 14405 | Lair:5   | Found a viscous altar of Jiyva.
 14605 | Lair:5   | Found a frozen archway.
 14762 | IceCv    | Entered an ice cave
 14914 | IceCv    | Reached skill level 15 in Axes
 15175 | IceCv    | Noticed a white draconian
 15190 | IceCv    | Reached skill level 10 in Armour
 15201 | IceCv    | Killed a white draconian
 15277 | IceCv    | Identified the ring "Ixtiuxe" {rPois rF+ rCorr Str+6 Int+2}
 15666 | Lair:5   | Reached skill level 12 in Fighting
 16217 | D:10     | Entered Level 10 of the Dungeon
 16514 | D:10     | Received a gift from Trog
 16517 | D:10     | Reached ****** piety under Trog
 16559 | D:10     | Found Idieb's General Store.
 16570 | D:10     | Bought a potion of curing for 39 gold pieces
 16570 | D:10     | Bought 3 curare-tipped darts for 46 gold pieces
 16583 | D:10     | Bought 2 potions of curing for 78 gold pieces
 16583 | D:10     | Bought a potion of curing for 39 gold pieces
 16639 | D:10     | Found an opulent altar of Gozag.
 17037 | D:11     | Found a staircase to the Orcish Mines.
 17671 | Orc:1    | Entered Level 1 of the Orcish Mines
 17686 | Orc:1    | Reached XP level 14. HP: 126/126 MP: 13/13
 17978 | Orc:1    | Found Xagryx's Overcharged Wands.
 18287 | Orc:2    | Entered Level 2 of the Orcish Mines
 18287 | Orc:2    | Found a staircase to the Elven Halls.
 18301 | Orc:2    | Received a gift from Trog
 18744 | Orc:2    | Found an ancient bone altar of Kikubaaqudgha.
 18744 | Orc:2    | Noticed Nergalle
 18759 | Orc:2    | Killed Nergalle
 18761 | Orc:2    | Found Roca Poe's Magic Scroll Emporium.
 18818 | Orc:2    | Bought a scroll of fog for 72 gold pieces
 18820 | Orc:2    | Found a radiant altar of Vehumet.
 18837 | Orc:2    | Found Vofuyrghe's Antique Weapon Shoppe.
 18909 | Orc:2    | Found Cown's Jewellery Emporium.
 18949 | Orc:2    | Found Cupsanea's Antique Armour Shoppe.
 18970 | Orc:2    | Bought a scorched ring mail for 270 gold pieces
 18970 | Orc:2    | Identified the +1 ring mail of Misanthropy {rPois rC+++
                  | Will++ Dex-2} (You bought it in a shop on level 2 of the
                  | Orcish Mines)
 19226 | Orc:2    | Bought a scroll of identify for 36 gold pieces
 19226 | Orc:2    | Bought a scroll of identify for 36 gold pieces
 19226 | Orc:2    | Bought a scroll of identify for 36 gold pieces
 19226 | Orc:2    | Bought a scroll of identify for 36 gold pieces
 19878 | D:12     | Found a transporter.
 19880 | D:12     | Found a transporter.
 19882 | D:12     | Noticed Riblid's ghost (journeyman DsGl)
 20080 | D:12     | Noticed Rupert
 20094 | D:12     | Killed Rupert
 20184 | D:13     | Noticed Frances
 20197 | D:13     | Killed Frances
 20531 | D:13     | Noticed Nessos
 20540 | D:13     | Killed Nessos
 21262 | D:13     | Received a gift from Trog
 21307 | D:13     | Noticed Azrael
 21317 | D:13     | Killed Azrael
 21451 | D:13     | Found a gate to the Vaults.
 21508 | D:13     | Reached skill level 13 in Fighting
 22038 | D:14     | Reached XP level 15. HP: 129/135 MP: 14/14
 22544 | D:14     | Reached skill level 15 in Shields
 22993 | D:15     | Entered Level 15 of the Dungeon
 23283 | D:15     | Identified the +8 war axe of the Philosopher {freeze, rElec
                  | rC- rN+ Stlth+}
 23419 | D:15     | Received a gift from Trog
 23568 | D:15     | Found a staircase to the Depths.
 24159 | Swamp:1  | Entered Level 1 of the Swamp
 25125 | Swamp:2  | Reached skill level 14 in Fighting
 25215 | Swamp:2  | Identified the +8 dagger of Instinct {protect, *Noise rF+++
                  | Int+2 Dex-5}
 25250 | Swamp:2  | Reached skill level 10 in Evocations
 25363 | Swamp:2  | Received a gift from Trog
 25524 | Swamp:2  | Noticed a thorn hunter
 25527 | Swamp:2  | Killed a thorn hunter
 25691 | Swamp:2  | Reached XP level 16. HP: 48/146 MP: 15/15
 27156 | Swamp:4  | Entered Level 4 of the Swamp
 27777 | Swamp:4  | Reached skill level 10 in Throwing
 28182 | Swamp:4  | Got a decaying rune of Zot
 28387 | Spider:1 | Entered Level 1 of the Spider Nest
 28394 | Spider:1 | Received a gift from Trog
 28395 | Spider:1 | Reached skill level 15 in Fighting
 28942 | Spider:1 | Reached skill level 1 in Stealth
 28961 | Spider:1 | Reached skill level 16 in Fighting
 29214 | Spider:2 | Gained mutation: You are occasionally teleported next to
                  | monsters. [mutagenic glow]
 29385 | Spider:2 | Identified a scroll of acquirement
 29386 | Spider:2 | Acquired the ring of Soadebi {Fly rC+ MP+9 Str+4 Dex+6
                  | Slay+2}
 29442 | Spider:2 | Reached XP level 17. HP: 156/158 MP: 16/16
 29695 | Spider:2 | Identified the +5 battleaxe "Riohuczi" {antimagic, rN+
                  | Will+} (Trog gifted it to you on level 2 of the Spider
                  | Nest)
 29695 | Spider:2 | Received a gift from Trog
 29706 | Spider:2 | Identified the +2 pair of boots of Baun {Drain *Slow
                  | Will+++ rCorr}
 30146 | Spider:2 | Reached skill level 5 in Stealth
 30433 | Spider:2 | Identified the +1 leather armour of Satisfaction {Regen+
                  | SInv}
 31098 | Spider:3 | Lost mutation: You are occasionally teleported next to
                  | monsters. [potion of mutation]
 31098 | Spider:3 | Gained mutation: You are dopey. (Int -2) [potion of
                  | mutation]
 31098 | Spider:3 | Gained mutation: You are resistant to electric shocks.
                  | (rElec) [potion of mutation]
 31098 | Spider:3 | Lost mutation: You are dopey. (Int -2) [potion of mutation]
 31249 | Spider:3 | Noticed Donald
 31260 | Spider:3 | Killed Donald
 31292 | Spider:3 | Received a gift from Trog
 31822 | Spider:3 | Reached skill level 10 in Dodging
 32052 | Spider:4 | Entered Level 4 of the Spider Nest
 32397 | Spider:4 | Reached skill level 17 in Fighting
 32780 | Spider:4 | Noticed Arachne
 33034 | Spider:4 | Received a gift from Trog
 33110 | Spider:4 | Reached XP level 18. HP: 148/171 MP: 1/17
 33119 | Spider:4 | Reached skill level 18 in Fighting
 33134 | Spider:4 | Killed Arachne
 33548 | Spider:4 | Got a gossamer rune of Zot
 34009 | Vaults:1 | Entered Level 1 of the Vaults
 34367 | Vaults:1 | Received a gift from Trog
 34421 | Vaults:1 | Found a magical portal.
 34429 | WizLab   | Entered Iskenderun's Mystic Tower
 35315 | WizLab   | Reached skill level 15 in Armour
 36158 | WizLab   | Got Zelazina's Volume of Fluctuating Grit
 36168 | WizLab   | Got Iskenderun's Incunable of Destruction
 36169 | WizLab   | Got Iskenderun's Tome of Percussion
 36317 | Vaults:1 | Received a gift from Trog
 36416 | Vaults:1 | Reached skill level 19 in Fighting
 37013 | Vaults:1 | Reached XP level 19. HP: 166/183 MP: 18/18
 37911 | Vaults:2 | Acquired 755 gold pieces
 38002 | Vaults:2 | Identified the +3 broad axe of Exesyed {flame, rPois Dex+3
                  | SInv} (Trog gifted it to you on level 2 of the Vaults)
 38002 | Vaults:2 | Received a gift from Trog
 38423 | Vaults:2 | Found a staircase to the Crypt.
 38600 | Vaults:2 | Reached skill level 20 in Fighting
 39031 | Vaults:3 | Received a gift from Trog
 39992 | Abyss:2  | Cast into level 2 of the Abyss (a wizard)
 40165 | Vaults:3 | Escaped the Abyss
 40357 | Vaults:3 | Found Kinixu's General Store.
 40412 | Vaults:3 | Bought a potion of curing for 63 gold pieces
 40433 | Vaults:3 | Reached XP level 20. HP: 193/193 MP: 19/19
 40649 | Vaults:3 | Identified the +4 arbalest of the Devouring Seer {heavy,
                  | MP+9 Dex+5}
 40875 | Vaults:4 | Found Rany's Armour Shop.
 40877 | Vaults:4 | Received a gift from Trog
 40969 | Vaults:4 | Bought a +1 cloak of willpower for 264 gold pieces
 41033 | Vaults:4 | Found a runed translucent door.
 41036 | Vaults:4 | Noticed Iluymox's ghost (adept KoBr)
 41153 | Vaults:4 | Reached skill level 5 in Ranged Weapons
 42494 | Vaults:4 | Killed Iluymox's ghost
 42494 | Vaults:4 | Received a gift from Trog
 42855 | Elf:1    | Entered Level 1 of the Elven Halls
 42981 | Elf:1    | Paralysed by an air elemental for 1 turns
 43173 | Elf:1    | Received a gift from Trog
 43185 | Elf:1    | Identified the ring of Hokiokh {Wiz rElec}
 43619 | Elf:2    | Found Lauherug's Assorted Antiques.
 43887 | Elf:2    | Bought a scroll of fog for 124 gold pieces
 43887 | Elf:2    | Bought a potion of might for 124 gold pieces
 43941 | Elf:2    | Found a runed translucent gate.
 43941 | Elf:2    | Found a runed translucent gate.
 43947 | Elf:2    | Found a runed translucent gate.
 44010 | Elf:2    | Identified the ring "Suepoesaax" {rPois rF- rC+++ rN+
                  | Str+6}
 44041 | Elf:2    | Paralysed by an air elemental for 1 turns
 44048 | Elf:2    | Reached skill level 21 in Fighting
 44057 | Elf:2    | Received a gift from Trog
 44061 | Elf:2    | Reached XP level 21. HP: 182/204 MP: 20/20
 44900 | Elf:3    | Entered Level 3 of the Elven Halls
 44948 | Elf:3    | Paralysed by an air elemental for 1 turns
 44975 | Elf:3    | Received a gift from Trog
 45018 | Elf:3    | Identified the ring "Josele" {Ice rN++ Int-4 Slay+5}
 45328 | Elf:3    | Identified the amulet "Bacuiz" {Acrobat rF++ rN+ Str+2
                  | Dex-3}
 45368 | Elf:3    | Identified the +3 chain mail of Hadwaura {Int+3}
 45369 | Elf:3    | Identified the +5 chain mail "Duutid" {Fly rF- Int+2}
 45768 | Elf:3    | Reached skill level 22 in Fighting
 45869 | Elf:3    | Received a gift from Trog
 45883 | Elf:3    | Found Xuceanun's General Store.
 45896 | Elf:3    | Bought 2 potions of curing for 78 gold pieces
 46139 | Elf:3    | Found a bloodstained altar of Trog.
 46676 | Depths:1 | Entered Level 1 of the Depths
 47118 | Depths:1 | Found a gateway to Hell.
 47234 | Depths:1 | Found a one-way gate to the infinite horrors of the Abyss.
 47263 | Depths:1 | Identified the +2 leather armour "Cybiquiv" {Str+3 Int+3
                  | Dex+3}
 47345 | Depths:1 | Found a transporter.
 47345 | Depths:1 | Noticed lmSkywalker's ghost (adept DrTm)
 47348 | Depths:1 | Identified the ring "Puheresk" {Ice rPois}
 47349 | Depths:1 | Found a bloodstained altar of Trog.
 47349 | Depths:1 | Noticed a juggernaut
 47356 | Depths:1 | Found a transporter.
 47359 | Depths:1 | Noticed a juggernaut
 47689 | D:5      | Killed domi's ghost
 47914 | Depths:2 | Found a one-way gateway to a ziggurat.
 48402 | Depths:2 | Found a one-way gate leading to the halls of Pandemonium.
 48412 | Depths:2 | Found Udypnea's Assorted Antiques.
 48424 | Depths:2 | Found Ugacatothry's Armour Boutique.
 48430 | Depths:2 | Received a gift from Trog
 48435 | Depths:2 | Found Zel Bell's Jewellery Shop.
 48539 | Depths:2 | Bought a scroll of enchant weapon for 367 gold pieces
 48539 | Depths:2 | Bought a scroll of blinking for 367 gold pieces
 48657 | Depths:2 | Reached XP level 22. HP: 195/217 MP: 21/21
 48867 | Depths:2 | Gained mutation: You occasionally lose the ability to drink
                  | potions when taking damage. [a cacodemon]
 48870 | Depths:2 | Gained mutation: You are weak. (Str -2) [a cacodemon]
 49613 | Depths:2 | Identified the +1 kite shield "Oschis" {rC+ Int+3}
 49966 | Depths:3 | Found a portal to a secret trove of treasure.
 49998 | Depths:3 | Reached skill level 10 in Ranged Weapons
 50665 | Depths:3 | You paid a toll of 7 scrolls of fear to enter a treasure
                  | trove
 50666 | Trove    | Entered a treasure trove
 50669 | Trove    | Found the +3 pair of seven-league boots {Rampage+∞}
 50670 | Trove    | Found the +5 Storm Queen's Shield {shock, Fly rElec}
 50674 | Trove    | Identified the +5 ring mail of Integrity {+Blink Dex-5 SInv
                  | Stlth+}
 50675 | Trove    | Identified the +0 hat of the Wicked God {Int+3}
 50676 | Trove    | Identified the +0 hat "Tyrr" {Int-2 Dex+2 Slay+5}
 50684 | Trove    | Identified the +0 ice dragon scales "Pyujer" {*Corrode rF-
                  | rC++ Regen+ Stlth+}
 50688 | Trove    | Identified the +6 ice dragon scales "Cetiy" {rF- rC++
                  | Slay+6}
 50692 | Trove    | Identified the +0 leather armour of Sunlight {Rampage Str+2
                  | Int+3}
 50865 | Depths:3 | Received a gift from Trog
 50892 | Depths:3 | Reached skill level 23 in Fighting
 51124 | Depths:3 | Found a runed translucent door.
 51124 | Depths:3 | Noticed Herac's ghost (veteran TeWr)
 51713 | Depths:3 | Noticed a golden dragon
 51720 | Depths:3 | Killed a golden dragon
 52030 | Depths:3 | Killed Herac's ghost
 52084 | Depths:4 | Entered Level 4 of the Depths
 52135 | Depths:4 | Identified the +5 rapier of the Equator {pain, *Noise rN+
                  | Dex+2}
 52314 | Depths:4 | Received a gift from Trog
 52459 | Depths:4 | Reached skill level 24 in Fighting
 52472 | Depths:4 | Found a gate to the Realm of Zot.
 53637 | Slime:1  | Entered Level 1 of the Pits of Slime
 53714 | Slime:5  | Entered Level 5 of the Pits of Slime
 53891 | Slime:5  | Received a gift from Trog
 53899 | Slime:5  | Reached XP level 23. HP: 228/231 MP: 22/22
 54383 | Slime:5  | Noticed the Royal Jelly
 54503 | Slime:5  | Found the +7 lajatang of Order {silver, rMut}
 54505 | Slime:5  | Found a viscous altar of Jiyva.
 54505 | Slime:5  | Found the +0 mask of the Dragon {Will+ Slay+3 SInv}
 54687 | Slime:5  | Killed the Royal Jelly
 54944 | Slime:5  | Identified the +3 whip "Pecump" {heavy, rN+ Dex+2 Stlth+}
 54971 | Slime:5  | Identified the +0 war axe of Leramm Xiamo {heavy, *Slow
                  | Str+4 Dex+2}
 54982 | Slime:5  | Identified the ring of Neurosis {rC+ rN+ rCorr}
 55000 | Slime:5  | Identified the ring "Pecorgho" {rElec rN+ Str-3 Int+8
                  | Dex-4}
 55003 | Slime:5  | Got a slimy rune of Zot
 55004 | Slime:5  | Identified the +0 cloak "Hiv Saif" {rF- Int+4 Dex+3}
 55575 | Vaults:5 | Entered Level 5 of the Vaults
 55606 | Vaults:5 | Noticed an ancient lich
 55609 | Vaults:4 | Reached skill level 15 in Evocations
 55870 | Vaults:4 | Reached skill level 25 in Fighting
 56083 | Vaults:4 | Killed an ancient lich
 56083 | Vaults:4 | Received a gift from Trog
 56144 | Vaults:5 | Noticed an ancient lich
 56341 | Vaults:4 | Killed an ancient lich
 56638 | Vaults:5 | Identified the +4 robe of Fortitude {+Inv}
 56656 | Vaults:5 | Reached skill level 15 in Throwing
 56657 | Vaults:5 | Noticed Boris
 56663 | Vaults:4 | Received a gift from Trog
 57055 | Vaults:4 | Killed Boris
 57333 | Vaults:5 | Identified the ring "Saikkis" {Dex+6 SInv}
 57467 | Vaults:5 | Identified the +1 dire flail of Overwhelming Force {freeze,
                  | rCorr}
 57501 | Vaults:5 | Reached XP level 24. HP: 202/242 MP: 22/22
 57651 | Vaults:5 | Identified the +1 pair of gloves "Juzoweil" {Rampage *Slow
                  | rC+++ rN+}
 57718 | Vaults:5 | Identified the +2 chain mail "Qibocumn" {Drain rElec
                  | Stlth+}
 57768 | Vaults:5 | Got a silver rune of Zot
 58451 | Zot:1    | Entered Level 1 of the Realm of Zot
 59885 | Zot:2    | Received a gift from Trog
 60192 | Zot:2    | Found a transporter.
 60193 | Zot:2    | You are sucked into a shaft and drop 2 floors!
 60193 | Zot:4    | Noticed an orb of fire
 60199 | Zot:4    | Gained mutation: Your spells are a little easier to cast,
                  | but a little less powerful. [an orb of fire]
 60201 | Zot:4    | Noticed a Killer Klown
 60202 | Zot:4    | Killed an orb of fire
 60214 | Zot:4    | Killed a Killer Klown
 60355 | Zot:2    | Found a transporter.
 60367 | Zot:2    | Found a transporter.
 60520 | Zot:2    | Found a transporter.
 61563 | Zot:3    | Identified the ring of Naexocs {Ice rPois MP+9 Dex+4}
 61563 | Zot:3    | Noticed Josephina
 61568 | Zot:3    | Killed Josephina
 61713 | Zot:3    | Received a gift from Trog
 61773 | Zot:3    | Identified the +1 scale mail of the Amoeba {rF+ rN+ Str+3
                  | Int+3}
 62121 | Zot:4    | Noticed Vv
 62138 | Zot:4    | Killed Vv
 62755 | Zot:5    | Entered Level 5 of the Realm of Zot
 63152 | Zot:5    | Reached XP level 25. HP: 252/253 MP: 22/22
 63332 | Zot:5    | Noticed an orb of fire
 63403 | Zot:5    | Gained mutation: Your magical capacity is low. (-10% MP)
                  | [an orb of fire]
 63404 | Zot:5    | Killed an orb of fire
 63410 | Zot:5    | Noticed an orb of fire
 63411 | Zot:5    | Noticed an ancient lich
 63412 | Zot:5    | Noticed an orb of fire
 63412 | Zot:5    | Noticed an orb of fire
 63412 | Zot:5    | Noticed an ancient lich
 63427 | Zot:4    | Killed an ancient lich
 63428 | Zot:4    | Reached skill level 26 in Fighting
 63431 | Zot:4    | Gained mutation: Your body sometimes deteriorates upon
                  | taking damage. [an orb of fire]
 63432 | Zot:4    | Killed an orb of fire
 63435 | Zot:4    | Killed an orb of fire
 63681 | Zot:5    | Killed an ancient lich
 63685 | Zot:5    | Noticed an ancient lich
 63700 | Zot:5    | Killed an ancient lich
 63703 | Zot:5    | Noticed a Killer Klown
 63712 | Zot:5    | Killed a Killer Klown
 63712 | Zot:5    | Noticed a Killer Klown
 63713 | Zot:5    | Noticed a dread lich
 63713 | Zot:5    | Noticed an ancient lich
 63719 | Zot:5    | Killed an ancient lich
 63721 | Zot:5    | Killed a dread lich
 63725 | Zot:5    | Killed a Killer Klown
 63913 | Zot:5    | Noticed a dread lich
 63916 | Zot:5    | Noticed an ancient lich
 63919 | Zot:5    | Killed a dread lich
 63920 | Zot:5    | Noticed an ancient lich
 63925 | Zot:5    | Killed an ancient lich
 63929 | Zot:5    | Killed an ancient lich
 64093 | Zot:5    | Reached skill level 10 in Stealth
 64094 | Zot:5    | Reached skill level 15 in Dodging
 64136 | Zot:5    | Noticed a Killer Klown
 64142 | Zot:5    | Killed a Killer Klown
 64261 | Zot:5    | Got the Orb of Zot
 64403 | Depths:3 | Noticed Ylih the pandemonium lord
 64408 | Depths:3 | Noticed Haikkoam the pandemonium lord
 64477 | Depths:1 | Noticed a seraph
 64487 | Depths:1 | Killed a seraph
 64488 | Depths:1 | Received a gift from Trog
 64776 | D:1      | Reached skill level 27 in Fighting
 64863 | D:$      | Escaped with the Orb!

Illustrated notes

Levels and vault maps discovered:
D:1:      minmay_arrival_floating_metal, layout_rooms,
          chequers_ecumenical_altar_simple_redux,
          chequers_hall_statues_corner_a, item_on_display_a
D:2:      layout_loops_ring, lemuel_flame_loot_1
D:3:      layout_basic, mainiacjoe_overflow_tiny_flanked
D:4:      layout_basic, jmf_multi_god_temple2, lemuel_tele_altar,
          cheibrodos_sewer_entry_drain
D:5:      layout_basic, mainiacjoe_overflow_small_starburst,
          nicolae_overflow_hidden_temple, mainiacjoe_overflow_six_doors_small,
          hellmonk_ghost_happy_afterlife, kennysheep_generic_room_8, uniq_edmund
D:6:      minmay_angry_zag, layout_basic
D:7:      cheibrodos_two_vegetables, layout_basic, minmay_temple_entry_glass,
          chequers_serial_rivers_small_b, dilly_guarded_unrand_throatcut
D:8:      layout_loops_ring
D:9:      layout_basic, mainiacjoe_overflow_alcove_1, dpeg_oklobed_lair,
          hellmonk_bongcloud_opening, uniq_psyche
D:10:     layout_gridville, general_overflow_altar, serial_shops, shop,
          grunt_ministairs_8
D:11:     layout_roguey, david_orc_1_choice
D:12:     layout_rooms, gammafunk_ghost_smash, uniq_rupert
D:13:     layout_basic, david_vaults_4, uniq_frances, uniq_nessos, uniq_azrael
D:14:     layout_stronghold
D:15:     hangedman_depths_entry_civil_slaughter, layout_irregular_city,
          hangedman_abyss_or_decor_clamps, nrook_mini_backslash
Lair:1:   dreamdust_cave_troll, layout_chaotic_city, minivault_19
Lair:2:   layout_gridlike, st_stairs_10, kennysheep_abandoned_house
Lair:3:   minmay_lair_venomous_thicket, layout_regular_city, swamp_mist_pool,
          nicolae_spider_entry_tight_spaces, minivault_24, beast_lair_carwin_6
Lair:4:   layout_regular_city
Lair:5:   gammafunk_lair_ancient_temple, layout_cave_pods, slime_entry_1,
          portal_ice_cave_entry_pillars_1, infiniplex_staircase_pool_2
Swamp:1:  layout_basic_swamp, nicolae_swamp_round_clearing,
          beargit_elvish_explorers
Swamp:2:  layout_basic_swamp, hangedman_swamp_blocks, swamp_pool4
Swamp:3:  layout_falls_marsh, serial_swamp_ruin, evilmike_swamp_ruin_house_6,
          evilmike_swamp_ruin_house_2, evilmike_swamp_ruin_rubble_1
Swamp:4:  swamp, layout_basic_swamp, swamp_pool1
Spider:1: layout_spider_delve, nicolae_spider_checkerboard
Spider:2: spiders_nest_scorpion_pit, nicolae_spider_some_kinda_spiderbox
Spider:3: layout_spider_delve, hangedman_spider_mandibles,
          nicolae_spider_twisty_arc_passages, uniq_donald
Spider:4: johnstein_spider_rune_arachne_lair
Slime:1:  layout_caves, basic_altar
Slime:2:  layout_caves
Slime:3:  layout_caves, cheibrodos_slime_lost_civilization_5
Slime:4:  layout_caves
Slime:5
Orc:1:    layout_caves, nicolae_shop_overcharged_wands
Orc:2:    kennysheep_orc_mage_school, layout_caves, mines3_lemuel
Elf:1:    eino_elf_arrival_customs, layout_loops_ring,
          minmay_elf_crystal_hexagon, minivault_26
Elf:2:    elven_hall_of_blades_hangedman_original
          [nicolae_blade_entry_sentries_behind_glass], layout_loops_cross,
          serial_shops, nicolae_shop_advertising_works
          [nicolae_subvault_shop_adworks], st_stairs_11, minivault_28
Elf:3:    minmay_elf_hall_circle, layout_geoelf_diagonals, serial_shops, shop,
          evilmike_spriggan_trog_shrine
Vaults:1: mu_enter_wizlab_2, v_alt_pattern_5, vaults_room_semicircle,
          nicolae_vaults_little_squares_2, st_octagons_1,
          ontoclasm_vaults_tryst, ontoclasm_vaults_twist,
          hangedman_vaults_slice, grunt_vaults_twisty, v_misc_24,
          nicolae_vaults_stairing_the_circle, hangedman_vaults_slice,
          hangedman_vaults_locks, ontoclasm_vaults_gateway,
          layout_vaults_omnibox
Vaults:2: minmay_crypt_entry_simple_round, nicolae_vaults_mini_display_case,
          nicolae_vaults_puzzle_piece, hangedman_vaults_snaps,
          vaults_room_door_hall, nicolae_vaults_little_squares_1,
          nicolae_vaults_little_squares_1, nicolae_vaults_circle_grid_a,
          hangedman_vaults_variations, v_pattern_1, v_alt_pattern_3, v_misc_24,
          vaults_dpeg_spiral, v_misc_8, layout_vaults_maze
Vaults:3: nicolae_vaults_asterisk, vaults_room_boxed,
          nicolae_vaults_yaktaur_gun_rack, grunt_vaults_hallway_long,
          hangedman_vaults_corner, vaults_room_stairs_pillars,
          vaults_dpeg_diagonal, layout_vaults_omnigrid, serial_shops,
          nicolae_shop_temple_entry_statues_fountains
Vaults:4: hellmonk_ghost_big_iron, grunt_vaults_funnel, dpeg_vaults_monster_row,
          nicolae_vaults_specimen_jars, nicolae_vaults_little_squares_6,
          ontoclasm_vaults_bender, v_misc_28, vaults_room_door_ring,
          dpeg_vaults_monster_box, nicolae_vaults_big_angled_halls,
          nicolae_vaults_rhombus_5, layout_vaults_omnicross
Vaults:5: uniq_boris
Depths:1: layout_cave_pools, abyss_entry, hangedman_geh_valley,
          minmay_misc_feat_chi, gammafunk_ghost_wrathful_warriors,
          minmay_misc_feat_room, minmay_microvault
Depths:2: nzn_winding_woodlands_three_and_one
          [nzn_winding_woodlands_5x15_pathside_ponds,
          nzn_winding_woodlands_5x15_longhouse,
          nzn_winding_woodlands_5x15_default,
          nzn_winding_woodlands_center_diamonds], layout_gridlike,
          enter_ziggurat_f, grunt_hell_entry_demonic_statue, pan_entry,
          roderic_nine_men_s_morris, serial_bayou_shore_a, minmay_shop_star,
          infiniplex_staircase_zigzag_3
Depths:3: kennysheep_scales, layout_gridlike, ebering_ghost_inner_flame,
          abyss_entry, serial_corexii_hall, chequers_hall_statues_corner_a,
          corexii_hall_statues_u, trove_entry_hex_spiral, hell_entry,
          nrook_uturn, minmay_staircase_windowed_small
Depths:4: grunt_zot_entry_funnels, layout_basic, hellmouth_1,
          hangedman_abyss_entry_splay
Zot:1:    kennysheep_ambush_hall, layout_gridville
Zot:2:    layout_misc_corridors, nicolae_transporter_intersection
Zot:3:    kennysheep_room_grid, layout_gridlike, uniq_josephina
Zot:4:    layout_basic, grunt_ministairs_1, hangedman_zot_decor_slant,
          skrybe_zot_glass_3, uniq_vv
Zot:5:    layout_twisted_circle

Skill      XL: |  1  2  3  4  5  6  7  8  9 10 11 12 13 14 15 16 17 18 19 20 21 22 23 24 25 |
---------------+----------------------------------------------------------------------------+-----
Axes           | 4 5 6 7 8 9 12 14 16 17 18 19 20 | 20.0
Fighting       | 4 5 6 7 8 9 10 12 13 14 16 17 19 20 21 22 24 25 27 | 27.0
Throwing       | 2 3 4 5 6 10 11 12 16 18 | 18.3
Armour         | 3 5 6 7 8 9 10 11 12 14 15 16 17 18 20 21 | 21.0
Dodging        | 3 4 5 6 7 9 10 11 12 13 15 | 15.0
Ranged Weapons | 1 4 7 9 10 | 10.0
Shields        | 5 9 10 13 14 15 16 18 19 20 21 | 21.0
Evocations     | 2 5 8 9 10 11 13 14 16 | 16.0
Stealth        | 3 6 8 10 | 10.0

Action                     |  1- 3 |  4- 6 |  7- 9 | 10-12 | 13-15 | 16-18 | 19-21 | 22-24 | 25-27 || total
---------------------------+-------+-------+-------+-------+-------+-------+-------+-------+-------++-------
  Melee: Hand axe          |    76 |    67 |       |       |       |       |       |       |       ||   143
         Headbutt          |    11 |    17 |    44 |   116 |   250 |   281 |   233 |   191 |    42 ||  1185
         Punch             |     1 |       |       |       |       |       |       |       |       ||     1
         War axe           |       |    63 |   192 |   513 |   121 |    70 |       |       |       ||   959
         Unarmed           |       |       |       |     2 |       |       |       |       |       ||     2
         Broad axe         |       |       |       |       |   997 |   926 |   906 |   704 |   146 ||  3679
   Fire: Sling             |       |       |    30 |    21 |    45 |     1 |    33 |    21 |       ||   151
  Throw: Dart              |       |       |     4 |    30 |    53 |   185 |     1 |       |       ||   273
         Boomerang         |       |       |       |       |     3 |    30 |    43 |   178 |    32 ||   286
         Javelin           |       |       |       |       |       |     5 |     5 |       |     3 ||    13
 Invoke: Trog's Hand       |       |     1 |     1 |     1 |    10 |     6 |     6 |     8 |     3 ||    36
         Berserk           |       |       |     2 |     2 |       |     3 |       |     1 |       ||     8
         Brothers in Arms  |       |       |       |     2 |       |       |       |     2 |     2 ||     6
  Evoke: Wand              |       |       |       |    22 |     8 |    15 |     9 |     2 |       ||    56
         Condenser vane    |       |       |       |       |       |     5 |     3 |     3 |     2 ||    13
         Phial of floods   |       |       |       |       |       |       |       |     1 |       ||     1
    Use: Scroll            |       |     4 |     2 |     9 |    19 |    12 |     6 |    16 |     2 ||    70
         Potion            |       |       |       |       |       |     9 |     4 |    10 |     5 ||    28
   Stab: Invisible         |       |       |       |       |     2 |     4 |       |     4 |       ||    10
         Distracted        |       |       |       |       |     1 |     1 |     2 |       |       ||     4
         Sleeping          |       |       |       |       |       |     2 |     4 |     2 |       ||     8
         Confused          |       |       |       |       |       |       |     1 |       |       ||     1
 Armour: Animal skin       |     4 |       |       |       |       |       |       |       |       ||     4
         Ring mail         |    11 |    50 |    69 |   131 |    24 |       |       |       |       ||   285
         Skin              |       |       |       |     1 |     1 |       |       |       |       ||     2
         Pearl dragon scal |       |       |       |       |   237 |   357 |   230 |    24 |       ||   848
         Chain mail        |       |       |       |       |     9 |       |       |       |       ||     9
         Ice dragon scales |       |       |       |       |       |       |       |   374 |    52 ||   426
  Dodge: Dodged            |    49 |    59 |   101 |   244 |   306 |   408 |   337 |   495 |    58 ||  2057
  Block: Other             |    10 |    21 |    35 |     1 |       |       |       |       |       ||    67
         Reflection        |     1 |       |     2 |     5 |    29 |    17 |   114 |       |       ||   168
         Kite shield       |       |       |       |   409 |   892 |   980 |   765 |   782 |   125 ||  3953

Table legend: (Time is in decaauts)
 A = Elapsed time spent in this place.
 B = Non-inter-level travel time spent in this place.
 C = Inter-level travel time spent in this place.
 D = Time resting spent in this place.
 E = Time spent auto-exploring this place.
 F = Levels seen in this place.
 G = Mean time per level.
                   A        B        C        D        E       F      G
               +--------+--------+--------+--------+--------+-----+--------+
         Total |  64985 |  58892 |   6093 |    984 |  45451 |  57 | 1140.1 |
       Dungeon |  16427 |  13988 |   2439 |    146 |  11207 |  15 | 1095.1 |
          Lair |   6831 |   6008 |    823 |    380 |   4220 |   5 | 1366.2 |
         Swamp |   4296 |   4078 |    218 |      0 |   3350 |   4 | 1074.0 |
   Spider Nest |   5157 |   4817 |    340 |    111 |   3666 |   4 | 1289.2 |
    Slime Pits |   1530 |   1471 |     59 |     45 |    893 |   5 |  306.0 |
  Orcish Mines |   1874 |   1606 |    268 |      0 |   1205 |   2 |  937.0 |
   Elven Halls |   3900 |   3573 |    327 |      3 |   2687 |   3 | 1300.0 |
        Vaults |   9550 |   8795 |    755 |    171 |   6968 |   5 | 1910.0 |
        Depths |   6012 |   5394 |    618 |      0 |   4401 |   4 | 1503.0 |
           Zot |   5877 |   5635 |    242 |     20 |   4571 |   5 | 1175.4 |
         Abyss |    165 |    165 |      0 |      0 |     74 |   1 |  165.0 |
         Trove |     52 |     52 |      0 |      0 |      0 |   1 |   52.0 |
         Sewer |    918 |    918 |      0 |      0 |    680 |   1 |  918.0 |
      Ice Cave |    645 |    645 |      0 |      0 |    315 |   1 |  645.0 |
        Wizlab |   1744 |   1744 |      0 |    107 |   1211 |   1 | 1744.0 |
               +--------+--------+--------+--------+--------+-----+--------+

Top non-repeatable levels by time:
Vaults:4: 3376 daAuts
  Lair:3: 2038 daAuts
Depths:2: 2038 daAuts
Vaults:1: 1801 daAuts
     D:7: 1749 daAuts
  WizLab: 1744 daAuts
    D:13: 1728 daAuts
Vaults:3: 1715 daAuts
   Elf:3: 1612 daAuts
Depths:3: 1575 daAuts
Spider:2: 1570 daAuts
Vaults:2: 1505 daAuts
Spider:3: 1493 daAuts
    D:14: 1459 daAuts
   Zot:3: 1416 daAuts
